 Dungeon Sprint DCSS version 0.27-a0-1456-gf5a116941d (webtiles) character file.

Game seed: 6184999915732467876

10924 mhtbhm the Executioner (level 11, -44/175 HPs)
             Began as a Minotaur Berserker on July 6, 2021.
             Was the Champion of Trog.
             Killed from afar by Dispater (56 damage)
             ... with an iron shot
             ... in the Dungeon (Sprint VII: "The Pits").
             The game lasted 00:02:21 (1594 turns).

mhtbhm the Executioner (Minotaur Berserker)         Turns: 1594, Time: 00:02:22

Health: -44/175    AC: 21    Str: 28    XL:     11   Next: 42%
Magic:  10/10      EV: 11    Int:  2    God:    Trog [******]
Gold:   0          SH:  0    Dex: 14    Spells: 10/10 levels left

rFire    + . .     SeeInvis .   a - +12 battleaxe "Gofet" {vorpal, rPois Int-2 Dex+4}
rCold    + . .     Faith    .   (shield currently unavailable)
rNeg     . . .     Spirit   .   b - +3 plate armour
rPois    +         Reflect  .   k - +0 hat
rElec    +         Harm     .   (no cloak)
rCorr    +         Rampage  .   (no gloves)
Will     .....     NoTele   +   (no boots)
Stlth    ..........             (no amulet)
HPRegen  0.39/turn              l - +3 ring of protection
MPRegen  0.12/turn              m - +3 ring of strength

@: berserking, resistant, hasted, very quick
A: horns 2, retaliatory headbutt
a: Renounce Religion, Berserk, Trog's Hand, Brothers in Arms


You were in the Dungeon.
You worshipped Trog.
Trog was exalted by your worship.
You visited 1 branch

Inventory:

Hand Weapons
 a - the +12 battleaxe "Gofet" (weapon) {vorpal, rPois Int-2 Dex+4}
   (Trog gifted it to you in the Dungeon)

   It inflicts extra damage upon your enemies.
   Int:       It affects your intelligence (-2).
   Dex:       It affects your dexterity (+4).
   rPois:     It protects you from poison.
Armour
 b - a +3 plate armour (worn)
 k - a +0 hat (worn)
Jewellery
 l - a +3 ring of protection (left hand)
 m - a +3 ring of strength (right hand)
Scrolls
 h - a scroll of blinking
 j - a scroll of summoning
Potions
 c - 7 potions of curing
 d - 12 potions of heal wounds
 f - 4 potions of magic
 g - 3 potions of berserk rage
 i - 2 potions of invisibility
 n - 2 potions of might
 p - a potion of mutation


   Skills:
 + Level 17.4 Fighting
 + Level 21.7 Axes
 + Level 12.3 Armour
 + Level 7.8 Dodging
 + Level 6.0 Stealth


You had 10 spell levels left.
You didn't know any spells.
Your spell library was empty.

Dungeon Overview and Level Annotations

Branches:
Dungeon (1/1)

Altars:

Annotations:
D Dispater


Innate Abilities, Weirdness & Mutations

You have a pair of horns on your head.
You reflexively headbutt those who attack you in melee.


Message History

The Hell Sentinel hits you but does no damage.
The Hell Sentinel hits you.
Dispater gestures.
Unknown command.
You slice the Hell Sentinel!! You headbutt the Hell Sentinel.
The Hell Sentinel is almost dead.
Unknown command.
You slash the Hell Sentinel!
You feel the power of Trog in you as your rage grows.
You kill the Hell Sentinel!
Unknown command.
You slash Dispater!
Dispater is lightly wounded.
Dispater closely misses you.
Unknown command.
You hit Dispater but do no damage.
Dispater is lightly wounded.
You slice Dispater!!
Dispater is lightly wounded.
Dispater hits you with the +4 staff of Dispater!
You hit Dispater.
You headbutt Dispater, but do no damage.
Dispater is lightly wounded.
Dispater gestures at you.
The sphere of damnation explodes!
The damnation engulfs you!!!
* * * LOW HITPOINT WARNING * * *
The damnation engulfs Dispater.
Dispater completely resists.
You hit Dispater but do no damage.
Dispater is lightly wounded.
Dispater hits you with the +4 staff of Dispater!!
* * * LOW HITPOINT WARNING * * *
You hit Dispater but do no damage. You headbutt Dispater!
Dispater is lightly wounded.
Unknown command.
Unknown command.
You slash Dispater!
Dispater is lightly wounded.
Dispater gestures at you. The iron shot hits you!!!
You die...

#+# #.# #&# #@#
#'# #.# #'#
################'#
.................#
...)...........†.#
+##############..#
#..#


You could see Dispater (fast).

Vanquished Creatures
  A Tzitzimitl (D)
  An Executioner (D)
  Gastronok (D)
  An alligator snapping turtle (D)
  2 death yaks (D)
  A spriggan druid (D)
  A bog body (D)
  An eye of devastation (D)
  A hellwing (D)
  Grinder (D)
  A flying skull (D)
  2 redbacks (D)
  A fire bat (D)
  A warg (D)
  A floating eye (D)
  4 hell hounds (D)
  A necrophage (D)
  An ogre (D)
  A wolf (D)
  A phantom (D)
  A scorpion (D)
  A quasit (D)
  An iguana (D)
  A hell rat (D)
  A mummy (D)
  2 adders (D)
  A river rat (D)
  A white imp (D)
  An ufetubus (D)
  A hobgoblin (D)
  2 quokkas (D)
  A goblin (D)
  A kobold (D)
  A quokka skeleton (D)
41 creatures vanquished.

Notes
Turn   | Place    | Note
-------+----------+-------------------------------------------
     0 | D        | mhtbhm the Minotaur Berserker began the quest for the Orb.
     0 | D        | Reached XP level 1. HP: 19/19 MP: 0/0
    17 | D        | Reached skill level 4 in Axes
    95 | D        | Noticed a floating eye
    97 | D        | Paralysed by a floating eye for 2 turns
   101 | D        | Reached XP level 2. HP: 22/28 MP: 1/1
   102 | D        | Killed a floating eye
   102 | D        | Reached ** piety under Trog
   103 | D        | Reached skill level 8 in Axes
   103 | D        | Reached skill level 1 in Stealth
   103 | D        | Reached XP level 3. HP: 32/40 MP: 2/2
   103 | D        | Reached XP level 4. HP: 38/48 MP: 3/3
   238 | D        | Noticed a scorpion
   245 | D        | Killed a scorpion
   246 | D        | Reached skill level 9 in Axes
   246 | D        | Reached XP level 5. HP: 29/56 MP: 4/4
   442 | D        | Reached *** piety under Trog
   518 | D        | Noticed a fire bat
   521 | D        | Noticed a warg
   521 | D        | Noticed an ogre
   521 | D        | Noticed Grinder
   525 | D        | Killed a fire bat
   526 | D        | Reached skill level 10 in Fighting
   526 | D        | Reached skill level 10 in Axes
   526 | D        | Reached skill level 5 in Armour
   526 | D        | Reached skill level 5 in Dodging
   526 | D        | Reached XP level 6. HP: 66/66 MP: 5/5
   527 | D        | Killed a warg
   527 | D        | Reached **** piety under Trog
   528 | D        | Reached skill level 11 in Axes
   531 | D        | Reached XP level 7. HP: 74/74 MP: 6/6
   531 | D        | Killed Grinder
   532 | D        | Reached skill level 12 in Axes
   580 | D        | Noticed a bog body
   584 | D        | Killed a bog body
   584 | D        | Reached ***** piety under Trog
   585 | D        | Reached skill level 14 in Axes
   585 | D        | Reached XP level 8. HP: 85/85 MP: 7/7
   639 | D        | Identified the +12 battleaxe "Gofet" {vorpal, rPois Int-2
                  | Dex+4} (Trog gifted it to you in the Dungeon)
   639 | D        | Received a gift from Trog
   769 | D        | Noticed a flying skull
   769 | D        | Noticed Gastronok
   776 | D        | Killed a flying skull
   781 | D        | Killed Gastronok
   782 | D        | Reached skill level 16 in Axes
   782 | D        | Reached skill level 5 in Stealth
   782 | D        | Reached XP level 9. HP: 96/96 MP: 8/8
   972 | D        | Reached skill level 17 in Axes
   973 | D        | Received a gift from Trog
  1016 | D        | Noticed a death yak
  1016 | D        | Noticed an alligator snapping turtle
  1024 | D        | Killed a death yak
  1025 | D        | Reached skill level 15 in Fighting
  1025 | D        | Reached XP level 10. HP: 105/105 MP: 9/9
  1032 | D        | Killed an alligator snapping turtle
  1033 | D        | Reached skill level 18 in Axes
  1033 | D        | Reached skill level 10 in Armour
  1287 | D        | Noticed a death yak
  1292 | D        | Killed a death yak
  1307 | D        | Noticed a spriggan druid
  1312 | D        | Killed a spriggan druid
  1313 | D        | Reached skill level 19 in Axes
  1316 | D        | Reached ****** piety under Trog
  1316 | D        | Identified the +6 quarterstaff "Mabasad" {vorpal, rCorr}
                  | (Trog gifted it to you in the Dungeon)
  1316 | D        | Received a gift from Trog
  1402 | D        | Noticed an eye of devastation
  1412 | D        | Killed an eye of devastation
  1453 | D        | Noticed a Tzitzimitl
  1463 | D        | Killed a Tzitzimitl
  1464 | D        | Reached skill level 21 in Axes
  1464 | D        | Reached XP level 11. HP: 116/116 MP: 10/10
  1522 | D        | Noticed an Executioner
  1528 | D        | Killed an Executioner
  1576 | D        | Found the +4 staff of Dispater
  1576 | D        | Noticed Dispater
  1578 | D        | Noticed a Hell Sentinel
  1594 | D        | Killed from afar by Dispater

Illustrated notes

Levels and vault maps discovered:
D:        pitsprint [storerooms_1, entrance_room_1, metal_vault_2, armoury_2,
          mini_pit_1, grid_room_1, main_hall_1, silver_pit, the_coven_2,
          the_vestibule_1, steel_vault_5, golden_pit, hallway_of_sentries,
          crystal_vault_6, iron_vault_5, final_vault]

Skill      XL: |  1  2  3  4  5  6  7  8  9 10 11 |
---------------+----------------------------------+-----
Fighting       | 4 7 8 10 11 12 14 15 16 17 | 17.4
Axes           | 4 8 9 10 11 14 16 17 21 | 21.7
Armour         | 4 5 6 9 11 12 | 12.3
Dodging        | 3 4 5 6 7 |  7.8
Stealth        | 1 2 3 4 5 6 |  6.0

Action                   |  1- 3 |  4- 6 |  7- 9 | 10-12 || total
-------------------------+-------+-------+-------+-------++-------
Melee: Hand axe          |     8 |    18 |    30 |       ||    56
       Headbutt          |       |     6 |     7 |    15 ||    28
       Battleaxe         |       |       |    19 |    56 ||    75
Invok: Berserk           |     1 |     2 |     3 |     4 ||    10
  Use: Potion            |       |       |       |     2 ||     2
 Stab: Sleeping          |     1 |     2 |       |       ||     3
Armor: Animal skin       |     2 |       |       |       ||     2
       Chain mail        |       |     7 |     8 |       ||    15
       Plate armour      |       |       |     5 |    27 ||    32
Dodge: Dodged            |     2 |     4 |    14 |    15 ||    35

Table legend: (Time is in decaauts)
 A = Elapsed time spent in this place.
 B = Non-inter-level travel time spent in this place.
 C = Inter-level travel time spent in this place.
 D = Time resting spent in this place.
 E = Time spent auto-exploring this place.
 F = Levels seen in this place.
 G = Mean time per level.
                   A        B        C        D        E       F      G
               +--------+--------+--------+--------+--------+-----+--------+
         Total |   1633 |   1633 |      0 |   1143 |      0 |   1 | 1633.0 |
       Dungeon |   1633 |   1633 |      0 |   1143 |      0 |   1 | 1633.0 |
               +--------+--------+--------+--------+--------+-----+--------+

Top non-repeatable levels by time:
       D: 1633 daAuts
